 Dungeon Crawl Stone Soup version 0.29.1-2-gbd0b4ee654 (webtiles) character file.

Game seed: 9845140669304700025

2625 fantasyman the Conjurer (level 9, -8/71 HPs)
             Began as a Demigod Conjurer on Nov 28, 2022.
             Mangled by a boulder beetle (20 damage)
             ... on level 7 of the Dungeon.
             The game lasted 00:13:50 (8035 turns).

fantasyman the Conjurer (Demigod Conjurer)          Turns: 8035, Time: 00:13:51

Health: -8/71      AC:  9    Str: 16    XL:     9   Next: 13%
Magic:  14/21      EV: 15    Int: 24    God:
Gold:   432        SH:  0    Dex: 19    Spells: 16/19 levels left

rFire   . . .      SeeInvis .   k - +8 war axe "Spiderbane" {venom, Dex+7}
rCold   . . .      Faith    .   w - orb {light}
rNeg    . . .      Spirit   .   y - +0 steam dragon scales
rPois   .          Reflect  .   n - +2 hat
rElec   .          Harm     .   (no cloak)
rCorr   .          Rampage  .   m - +1 pair of gloves
Will    .....                   (no boots)
Stlth   ++........              e - amulet of magic regeneration
HPRegen 0.21/turn               (no ring)
MPRegen 0.57/turn               (no ring)

@: about to teleport, glowing
A: high MP 1, forlorn, divine attributes
a: no special abilities


You were on level 7 of the Dungeon.
You visited 1 branch of the dungeon, and saw 7 of its levels.
You also visited: Sewer.

You collected 432 gold pieces.

Inventory:

Hand Weapons
 k - the +8 war axe "Spiderbane" (weapon) {venom, Dex+7}
   (You found it on level 2 of the Dungeon)

   It poisons the flesh of those it strikes.
   Dex:       It affects your dexterity (+7).
Armour
 m - a +1 pair of gloves (worn)
 n - a +2 hat (worn)
 w - an orb of light (worn)
 y - +0 steam dragon scales (worn)
Jewellery
 e - an amulet of magic regeneration (around neck)
Wands
 q - a wand of flame (29)
Scrolls
 f - 2 scrolls of fear
 i - 2 scrolls of teleportation
 l - a scroll of enchant weapon
 o - a scroll of enchant armour
 r - a scroll of magic mapping
 s - 2 scrolls of identify
 u - a scroll of amnesia
 v - a scroll of poison {unknown}
Potions
 b - 2 potions of magic
 c - a potion of ambrosia
 d - 2 potions of curing {unknown}
 g - 2 potions of might {unknown}
 j - 3 potions of berserk rage {unknown}
 p - 2 potions of heal wounds
 x - a potion of attraction {unknown}


   Skills:
 * Level 4.2 Fighting
 * Level 2.5 Armour
 * Level 4.9 Dodging
 * Level 4.7 Stealth
 * Level 5.9 Spellcasting
 - Level 6.6 Conjurations


You had 16 spell levels left.
You knew the following spells:

 Your Spells              Type           Power      Damage    Failure   Level
a - Magic Dart            Conj           100%       1d8       1%          1
b - Searing Ray           Conj           78%        2d7       1%          2

Your spell library contained the following spells:

 Spells                   Type           Power      Damage    Failure   Level
 Dazzling Flash           Conj/Hex       46%        N/A       6%          3
 Mephitic Cloud           Conj/Pois/Air  17%        N/A       10%         3
 Blink                    Tloc           14%        N/A       12%         2
 Call Imp                 Summ           7%         N/A       12%         2
 Ensorcelled Hibernation  Hex/Ice        14%        N/A       12%         2
 Passwall                 Tmut/Erth      5%         N/A       12%         2
 Fulminant Prism          Conj/Hex       11%        3d9       21%         4
 Iskenderun's Mystic Bla  Conj/Tloc      23%        2d6       21%         4
 Spider Form              Tmut/Pois      7%         N/A       24%         3
 Swiftness                Air            7%         N/A       24%         3
 Anguish                  Hex/Necr       3%         N/A       63%         4
 Manifold Assault         Tloc           7%         N/A       92%         5
 Storm Form               Tmut/Air       3%         N/A       100%        7


Dungeon Overview and Level Annotations

Branches:
Dungeon (7/15)              Sewer (visited)
 Temple: D:4-7


Innate Abilities, Weirdness & Mutations

You have an increased reservoir of magic. (+10% MP)
You shall have no god before yourself.
Your divine heritage dramatically boosts your attributes as you level up.


Message History

The boulder beetle barely misses you.
You hit the boulder beetle but do no damage.
The boulder beetle is poisoned.
The boulder beetle is lightly wounded.
The boulder beetle barely misses you.
You hit the boulder beetle but do no damage.
The boulder beetle looks as sick as possible!
The boulder beetle is lightly wounded.
The boulder beetle bites you! The boulder beetle misses you.
Casting: Searing Ray (safe; 1% risk of failure)
Confirm with . or Enter, or press ? or * to list all spells.
Aiming: Searing Ray (safe; 1% risk of failure)
Press: ? - help, Shift-Dir - straight line, f/p - boulder beetle
Aim: a boulder beetle (lightly wounded, extremely poisoned, haloed, 100% to hit)
The searing ray hits the boulder beetle.
The boulder beetle is lightly wounded.
The searing ray hits the manticore!
The manticore is heavily wounded.
The searing ray hits the cyclops.
The cyclops is severely wounded. (Press . to maintain the ray.)
The boulder beetle bites you but does no damage.
The searing ray hits the boulder beetle!
The boulder beetle is moderately wounded.
The searing ray hits the manticore.
The manticore is heavily wounded.
The searing ray hits the cyclops!
The cyclops is almost dead.
The boulder beetle bites you.
The searing ray hits the boulder beetle but does no damage.
The boulder beetle is moderately wounded.
The searing ray hits the manticore!
The manticore is severely wounded.
The searing ray hits the cyclops but does no damage.
The cyclops is almost dead.
The boulder beetle bites you!!
* * * LOW HITPOINT WARNING * * *
As you read the scroll of teleportation, it crumbles to dust.
You feel strangely unstable. The boulder beetle bites you!!
You die...

######## .......# ######.#
.. ..#.# ######### # #.#.#
#.......# # #.#.# #.......#
####.#.#########.......#
#......................#
#...<........###@#######
###..#.#...#.# #B#
...........#.###H##########
...............CC..........
#.^.......##.###.##........
..###+###..#.....#..###+###
.## ##..###....## ##
#.......## # ####'####


You could see a boulder beetle (very poisoned), a manticore and 2 cyclopes.

Vanquished Creatures
  An unseen horror (D:7)
  Prince Ribbit (D:6)
  Sigmund (D:6)
  A steam dragon (D:7)
  An ice beast (D:6)
  2 ogres
  2 centaurs
  2 phantoms
  4 kobold brigands (Sewer)
  2 necrophages
  2 scorpions (D:5)
  4 hounds
  2 jellies (D:6)
  A gnoll bouda (D:6)
  2 orc priests
  3 iguanas
  2 orc wizards
  11 gnolls
  12 adders
  A river rat (Sewer)
  2 white imps (D:6)
  2 ufetubi (D:5)
  3 worms
  2 dart slugs
  15 orcs
  15 ball pythons
  10 endoplasms
  6 giant cockroaches
  13 goblins
  7 hobgoblins
  10 jackals
  2 quokkas
  5 bats
  3 frilled lizards
  10 kobolds
  9 rats
171 creatures vanquished.

Vanquished Creatures (others)
  19 plants
19 creatures vanquished.

Grand Total: 190 creatures vanquished

Notes
Turn   | Place    | Note
-------+----------+-------------------------------------------
     0 | D:1      | fantasyman the Demigod Conjurer began the quest for the
                  | Orb.
     0 | D:1      | Reached XP level 1. HP: 14/14 MP: 5/5
   479 | D:1      | Reached skill level 4 in Conjurations
   479 | D:1      | Reached XP level 2. HP: 20/20 MP: 4/7
  1467 | D:2      | Identified the +4 hand axe "Kaypecho" {venom, rElec Dex+4}
  1548 | D:2      | Reached XP level 3. HP: 17/27 MP: 5/8
  1655 | D:2      | Identified the +8 war axe "Spiderbane" {venom, Dex+7}
  1913 | D:2      | Learned a level 2 spell: Searing Ray
  2812 | D:3      | Reached XP level 4. HP: 34/34 MP: 4/10
  3069 | D:3      | Reached skill level 1 in Fighting
  3260 | D:3      | Reached XP level 5. HP: 40/40 MP: 9/11
  3332 | D:3      | Identified the +1 robe of Agyitik {Fly}
  3653 | D:4      | Reached skill level 5 in Conjurations
  3879 | D:4      | Reached XP level 6. HP: 36/47 MP: 8/13
  4751 | D:5      | Entered Level 5 of the Dungeon
  4988 | D:5      | Reached XP level 7. HP: 53/53 MP: 12/16
  5291 | D:5      | Found a glowing drain.
  5295 | Sewer    | Entered a sewer
  5548 | Sewer    | Reached skill level 6 in Conjurations
  6374 | D:5      | Reached XP level 8. HP: 62/62 MP: 14/18
  7185 | D:6      | Reached skill level 5 in Spellcasting
  7356 | D:6      | Reached skill level 1 in Armour
  7509 | D:6      | Noticed Prince Ribbit
  7516 | D:6      | Killed Prince Ribbit
  7620 | D:6      | Noticed Sigmund
  7625 | D:6      | Killed Sigmund
  8001 | D:7      | Noticed a cyclops
  8002 | D:7      | Noticed an unseen horror
  8003 | D:7      | Noticed a boulder beetle
  8003 | D:7      | Noticed a manticore
  8004 | D:7      | Noticed a cyclops
  8023 | D:7      | Killed an unseen horror
  8024 | D:7      | Reached XP level 9. HP: 48/71 MP: 18/21
  8035 | D:7      | Mangled by a boulder beetle

Illustrated notes

Levels and vault maps discovered:
D:1:      eino_arrival_water_star, layout_basic, grunt_decor_arrowhead,
          serial_park_tiny_1, corexii_corridor_pit
D:2:      layout_loops_ring, shapermc_ecumenical_altar_totnotflames,
          serial_forest, infiniplex_forest_diagonal, infiniplex_forest_end_3,
          infiniplex_forest_end_2, infiniplex_forest_lined_room_2,
          infiniplex_forest_clump_small, infiniplex_forest_clump_double,
          infiniplex_forest_end_3, infiniplex_forest_end_2,
          dreamdust_wishing_well
D:3:      layout_basic, nicolae_grassy_gnolls
D:4:      kennysheep_goblin_castle, layout_basic,
          gammafunk_temple_overflow_wave, grunt_temple_overflow_open
D:5:      layout_loops_ring, gup_sewer_entry_spiral
D:6:      layout_gridville, uniq_sigmund, uniq_prince_ribbit1
D:7:      minmay_the_grid_octo_tiled_octocenter
          [minmay_the_grid_octo_vomiting_pacman,
          minmay_the_grid_octo_tetromino_candy, minmay_the_grid_octo_chip,
          minmay_the_grid_octo_thin_diamonds, minmay_the_grid_octo_prize_big_c,
          minmay_the_grid_square_5x5_comb,
          minmay_the_grid_square_5x5_pentomino_r,
          minmay_the_grid_square_5x5_checkered,
          minmay_the_grid_square_5x5_two_walls_a], layout_basic,
          makhleb_altar_promises_db, minmay_temple_entry_poolview

Skill      XL: |  1  2  3  4  5  6  7  8 |
---------------+-------------------------+-----
Conjurations   | 4 5 6 |  6.6
Spellcasting   | 2 3 4 5 |  5.9
Dodging        | 2 3 4 |  4.9
Stealth        | 2 3 4 |  4.7
Fighting       | 1 2 4 |  4.2
Armour         | 2 |  2.5

Action                   |  1- 3 |  4- 6 |  7- 9 || total
-------------------------+-------+-------+-------++-------
Melee: War axe           |       |     4 |    95 ||    99
       Punch             |       |       |     1 ||     1
 Cast: Magic Dart        |   107 |   100 |    87 ||   294
       Searing Ray       |     1 |    10 |    19 ||    30
  Use: Scroll            |     6 |     6 |     1 ||    13
 Stab: Sleeping          |       |       |     2 ||     2
Armor: Robe              |     3 |     6 |    19 ||    28
       Leather armour    |       |       |    14 ||    14
       Steam dragon scal |       |       |     4 ||     4
Dodge: Dodged            |    16 |    15 |   125 ||   156
